Map: Lerilak Crest

Players

MelloW (Nina) - Winner!

  • Race: Protoss Protoss
  • League: Grandmaster

LiquidTLO (TLO)

  • Race: Zerg Zerg
  • League: Grandmaster

Event: DreamHack ROCCAT LotV Championship

VOD

Have the link to the VOD?

Description

Time

  • Played on: Nov. 27, 2015, 5:33 a.m.
  • Length: 14:28

All games in this series

Show
View Real Time Build Order
Export as new Build Order

MelloW Protoss - Winner!

Build Orders: Nexus First 

Get SALT Encoding   

  12  0:01  Probe (Chrono Boost)  
  13  0:12  Probe (Chrono Boost)  
  14  0:18  Pylon  
  14  0:22  Probe (Chrono Boost)  
  15  0:36  Probe (Chrono Boost)  
  16  0:46  Probe (Chrono Boost)  
  17  0:57  Nexus  
  17  1:01  Probe (Chrono Boost)  
  18  1:11  Probe (Chrono Boost)  
  18  1:14  Gateway  
  19  1:22  Probe (Chrono Boost)  
  19  1:24  Assimilator  
  20  1:28  Assimilator  
  20  1:33  Probe (Chrono Boost)  
  20  1:37  Pylon  
  21  1:43  Probe (Chrono Boost)  
  23  1:54  Probe (Chrono Boost)  
  23  1:58  Gateway  
  23  2:05  Cybernetics Core, Probe (Chrono Boost)  
  24  2:09  Probe (Chrono Boost)  
  25  2:16  Probe (Chrono Boost)  
  25  2:20  Probe (Chrono Boost)  
  27  2:27  Probe (Chrono Boost)  
  28  2:30  Probe (Chrono Boost)  
  29  2:37  Probe (Chrono Boost)  
  29  2:40  Probe (Chrono Boost)  
  29  2:41  Adept (Chrono Boost)  
  29  2:42  Warp Gate  
  33  2:48  Adept (Chrono Boost)  
  33  2:50  Mothership Core (Chrono Boost)  
  35  2:52  Probe  
  38  3:03  Pylon  
  38  3:04  Probe (Chrono Boost)  
  39  3:10  Probe (Chrono Boost)  
  40  3:16  Probe (Chrono Boost)  
  41  3:21  Probe (Chrono Boost)  
  41  3:23  Sentry  
  41  3:24  Sentry  
  46  3:27  Probe (Chrono Boost)  
  46  3:30  Nexus  
  46  3:31  Probe (Chrono Boost)  
  46  3:33  Pylon  
  48  3:38  Probe (Chrono Boost)  
  49  3:42  Probe (Chrono Boost)  
  49  3:43  Twilight Council  
  49  3:48  Probe (Chrono Boost)  
  51  3:52  Probe (Chrono Boost)  
  52  3:59  Probe (Chrono Boost)  
  52  4:02  Robotics Facility  
  53  4:03  Probe (Chrono Boost)  
  53  4:09  Probe (Chrono Boost)  
  55  4:13  Resonating Glaives (Chrono Boost), Probe (Chrono Boost)  
  55  4:15  Gateway  
  56  4:19  Probe (Chrono Boost)  
  56  4:22  Probe (Chrono Boost), Pylon  
  58  4:26  Assimilator x2  
  58  4:30  Gateway  
  58  4:31  Probe  
  58  4:32  Pylon  
  58  4:33  Probe  
  60  4:42  Gateway  
  60  4:43  Gateway  
  62  4:49  Gateway  
  62  4:51  Observer (Chrono Boost)  
  61  4:53  Gateway  
  61  5:03  Probe  
  61  5:04  Gateway  
  61  5:06  Probe  
  62  5:08  Adept x2  
  62  5:11  Probe  
  62  5:12  Pylon  
  67  5:19  Adept, Warp Prism (Chrono Boost)  
  67  5:20  Probe  
  72  5:21  Probe  
  72  5:24  Probe  
  72  5:26  Adept  
  76  5:32  Adept  
  76  5:33  Probe x2  
  76  5:34  Probe  
  80  5:39  Pylon  
  80  5:40  Adept  
  83  5:44  Adept  
  83  5:45  Probe x2  
  83  5:47  Adept  
  83  5:48  Blink  
  89  5:52  Sentry x2  
  89  5:53  Sentry  
  89  5:54  Sentry x2  
  99  6:00  Probe  
  100  6:05  Probe  
  100  6:08  Pylon  
  100  6:09  Pylon  
  101  6:20  Adept  
  101  6:21  Adept x3  
  109  6:26  Adept, Pylon  
  109  6:27  Adept x3, Pylon  
  117  6:38  Sentry  
  117  6:41  Adept x3  
  117  6:42  Adept  
  123  6:47  Adept x2  
  123  6:53  Sentry  
  121  6:55  Adept  
  121  6:57  Probe  
  121  6:59  Assimilator  
  124  7:03  Assimilator  
  124  7:07  Adept x3  
  124  7:08  Stalker  
  124  7:11  Stalker  
  128  7:21  Stalker  
  128  7:22  Stalker  
  125  7:26  Stalker  
  117  7:36  Stalker x2  
  117  7:38  Pylon  
  117  7:43  Pylon x2  
  111  7:45  Forge, Pylon  
  111  7:48  Stalker  
  111  7:49  Stalker x3  
  111  7:50  Warp Prism (Chrono Boost)  
  115  7:53  Stalker  
  117  7:59  Stalker  
  117  8:01  Probe  
  120  8:05  Stalker, Pylon  
  120  8:07  Pylon  
  120  8:09  Stalker x2  
  126  8:13  Stalker x2  
  126  8:15  Stalker  
  126  8:17  Stalker  
  134  8:21  Stalker  
  135  8:34  Photon Cannon  
  135  8:36  Stalker  
  135  8:37  Stalker x2  
  135  8:38  Stalker, Photon Cannon  
  143  8:44  Photon Cannon  
  143  8:51  Stalker x2  
  143  8:52  Stalker  
  147  8:57  Photon Cannon  
  135  9:04  Adept x4  
  135  9:07  Sentry x2  
  147  9:18  Sentry x3  
  153  9:24  Stalker  
  153  9:25  Zealot x3  
  161  9:38  Photon Cannon  
  161  9:40  Sentry x2  
  161  9:41  Photon Cannon x2  
  161  9:43  Photon Cannon  
  162  9:51  Stalker x3  
  148  10:07  Photon Cannon  
  134  10:10  Cybernetics Core  
  134  10:13  Photon Cannon  
  113  10:42  Pylon x2  
  109  10:54  Pylon  
  109  10:56  Pylon  
  105  11:05  Stalker x2  
  105  11:08  Sentry  
  102  11:29  Sentry x2  
  106  11:33  Sentry  
  108  11:49  Pylon  
  108  11:55  Stalker x2  
  108  11:56  Sentry  
  114  12:06  Observer (Chrono Boost)  
  115  12:11  Stalker  
  115  12:18  Stalker  
  113  12:58  Stalker x4  
  121  13:16  Stalker  
  123  13:21  Stalker  
  123  13:23  Sentry  
  125  13:45  Pylon  
  124  13:50  Pylon  
Show
View Real Time Build Order
Export as new Build Order

LiquidTLO Zerg 

Build Orders: Hatch First 

Get SALT Encoding   

  12  0:01  Drone  
  13  0:12  Overlord  
  13  0:17  Drone  
  14  0:30  Drone x2  
  16  0:48  Hatchery  
  15  0:51  Drone  
  15  0:54  Drone  
  17  0:59  Drone  
  18  1:12  Spawning Pool  
  18  1:15  Drone  
  18  1:34  Hatchery  
  18  1:37  Drone  
  18  1:41  Drone  
  18  1:43  Drone  
  20  1:58  Queen  
  22  2:02  Queen  
  22  2:05  Zergling x2  
  25  2:11  Overlord  
  25  2:14  Drone  
  26  2:20  Drone x2  
  28  2:31  Drone x2  
  28  2:33  Drone  
  28  2:36  Queen  
  33  2:41  Queen  
  33  2:44  Drone  
  36  2:50  Queen  
  38  2:52  Drone  
  38  2:56  Overlord  
  39  3:00  Extractor  
  39  3:01  Drone, Extractor  
  39  3:04  Zergling x2  
  39  3:06  Drone  
  39  3:08  Drone x2  
  42  3:14  Overlord  
  42  3:16  Extractor  
  42  3:17  Zergling x2, Extractor  
  42  3:18  Zergling x2  
  43  3:23  Zergling x4  
  43  3:26  Drone x2  
  48  3:27  Drone  
  48  3:32  Overlord  
  48  3:35  Drone  
  48  3:38  Zergling x2  
  48  3:39  Drone  
  51  3:42  Drone  
  51  3:44  Drone  
  51  3:45  Drone  
  51  3:47  Drone  
  54  3:52  Metabolic Boost  
  54  3:53  Evolution Chamber  
  54  3:54  Drone  
  53  3:56  Drone  
  53  3:59  Extractor  
  53  4:01  Extractor  
  53  4:02  Drone  
  53  4:09  Drone  
  54  4:12  Drone  
  54  4:13  Drone  
  54  4:15  Drone x4  
  59  4:18  Drone, Zerg Melee Weapons Level 1  
  59  4:21  Drone  
  59  4:22  Zergling x2  
  62  4:24  Drone  
  62  4:26  Drone  
  62  4:30  Lair  
  64  4:36  Overlord, Drone  
  65  4:40  Overlord  
  65  4:42  Drone  
  65  4:45  Spore Crawler, Drone  
  66  4:47  Overlord  
  66  4:57  Overlord  
  66  4:58  Drone x2  
  66  4:59  Drone x2  
  70  5:00  Drone  
  70  5:02  Drone  
  70  5:04  Drone  
  70  5:05  Baneling Nest, Drone  
  73  5:07  Drone  
  73  5:08  Drone  
  73  5:09  Drone  
  73  5:11  Drone  
  73  5:13  Drone  
  78  5:14  Extractor  
  78  5:15  Drone  
  78  5:16  Drone  
  78  5:18  Drone  
  78  5:20  Drone  
  78  5:21  Drone  
  82  5:22  Drone  
  82  5:24  Extractor  
  82  5:26  Drone x2  
  84  5:31  Spire  
  84  5:32  Zergling x4  
  85  5:42  Zergling x2  
  86  5:47  Zergling x2  
  87  5:52  Hatchery  
  87  5:53  Spine Crawler, Baneling x2  
  87  5:54  Zergling x4  
  87  5:56  Baneling, Zergling x2  
  87  5:57  Baneling  
  88  5:59  Drone, Overseer  
  88  6:00  Zergling x4  
  88  6:03  Zergling x4  
  93  6:04  Overlord  
  93  6:05  Zergling x6  
  95  6:26  Baneling x5  
  93  6:42  Mutalisk x8  
  93  6:44  Overlord x2, Zergling x2  
  93  6:45  Overlord  
  105  6:47  Baneling x9  
  105  6:48  Overlord  
  105  6:51  Mutalisk x2  
  105  6:52  Mutalisk  
  105  6:53  Zergling x4  
  103  6:56  Zergling x4  
  103  6:57  Queen  
  106  7:03  Mutalisk  
  106  7:07  Mutalisk  
  107  7:09  Zergling x2  
  107  7:10  Zergling x4  
  107  7:13  Zergling x4  
  111  7:21  Zergling x2  
  111  7:22  Zergling x6  
  102  7:23  Mutalisk  
  102  7:25  Mutalisk  
  102  7:26  Zergling x2  
  102  7:28  Zergling x2  
  104  7:30  Zergling x2  
  104  7:33  Zergling x4  
  104  7:36  Zerg Flyer Weapons Level 1  
  100  7:42  Zergling x2  
  101  7:45  Mutalisk  
  101  7:47  Zergling x6  
  101  7:50  Extractor  
  105  7:53  Extractor  
  105  7:54  Mutalisk  
  105  7:56  Zergling x4  
  109  7:58  Zergling x4  
  109  8:05  Hatchery  
  109  8:06  Zergling x4  
  111  8:14  Drone x4  
  111  8:16  Infestation Pit  
  114  8:21  Drone x2  
  116  8:28  Mutalisk, Drone  
  116  8:31  Zergling x2  
  120  8:39  Zergling x4  
  120  8:40  Overlord  
  122  8:46  Overlord, Queen x2  
  123  8:56  Zergling x2  
  123  8:57  Zergling x8  
  129  9:02  Zergling x2  
  129  9:03  Zergling x2  
  129  9:07  Spine Crawler  
  129  9:08  Spine Crawler x2  
  129  9:09  Spine Crawler  
  126  9:11  Mutalisk x2  
  126  9:14  Mutalisk  
  126  9:15  Mutalisk x3  
  126  9:17  Mutalisk  
  138  9:20  Mutalisk  
  138  9:24  Mutalisk  
  142  9:25  Mutalisk  
  146  9:34  Spine Crawler  
  146  9:36  Spine Crawler  
  146  9:37  Mutalisk, Spine Crawler  
  145  9:41  Hatchery  
  141  9:52  Zergling x4  
  132  9:53  Zergling x4  
  132  9:58  Zergling x4  
  118  10:07  Drone  
  118  10:09  Zergling x2  
  114  10:14  Drone x2  
  88  10:42  Drone x2  
  90  10:43  Drone x2  
  90  10:46  Spawning Pool  
  90  10:48  Drone  
  90  10:59  Drone  
  76  11:12  Drone x3  
  78  11:28  Hatchery  
  78  11:30  Overlord x4  
  78  11:31  Hatchery  
  76  11:38  Spine Crawler  
  75  11:40  Spine Crawler  
  75  11:41  Spine Crawler x2  
  72  11:48  Lair  
  72  11:49  Drone  
  72  11:50  Drone x2  
  75  12:07  Zergling x6  
  75  12:08  Zergling x4  
  73  12:32  Drone x3, Zergling x2  
  77  12:43  Drone  
  76  12:59  Overlord  
  76  13:02  Spire, Zergling x16  

Tags
 
Add a new tag
Caveats
  • Supply blocks, unpowered buildings, or Contaminate may cause inaccurate times.
  • Supply counts are checked every 10 seconds.